 Dungeon Crawl Stone Soup version 0.19-a0-376-gf780d9b (webtiles) character file.

8249 Loading the Spear-Bearer (level 11, 0/86 HPs)
             Began as a Merfolk Gladiator on May 30, 2016.
             Was an Elder of Hepliaklqana.
             Slain by a 13-headed hydra (8 damage)
             ... on level 2 of the Lair of Beasts.
             The game lasted 00:34:55 (11409 turns).

Loading the Spear-Bearer (Merfolk Gladiator)       Turns: 11409, Time: 00:34:56

Health: 0/86       AC: 17    Str: 23    XL:     11   Next: 27%
Magic:  4/4        EV: 22    Int:  8    God:    Hepliaklqana [****..]
Gold:   383        SH:  5    Dex: 22    Spells: 0 memorised, 10 levels left

rFire  . . .     SeeInvis .     k - +3 scythe (antimagic)
rCold  . . .     Gourm    .     g - +0 plate armour
rNeg   . . .     Faith    .     (shield currently unavailable)
rPois  .         Spirit   .     c - +1 helmet
rElec  .         Dismiss  .     n - +0 cloak
rCorr  .         Reflect  +     (no gloves)
SustAt .         Harm     .     y - +0 pair of boots
MR     .....                    K - +5 amulet of reflection
Stlth  +.........               B - +4 ring of evasion
                                q - +2 ring of strength

@: mighty, agile, very slightly contaminated, not resistant to hostile
enchantments, very unstealthy
A: change form in water, swift swim
a: Recall Ancestor, Ancestor Identity, Transference, Idealise, Renounce Religion


You were on level 2 of the Lair of Beasts.
You worshipped Hepliaklqana.
Hepliaklqana was greatly pleased with you.
You were not hungry.

You visited 3 branches of the dungeon, and saw 12 of its levels.
You also visited: Ossuary.

You collected 538 gold pieces.
You spent 155 gold pieces at shops.

Inventory:

Hand Weapons
 k - a +3 antimagic scythe (weapon)
 V - a +0 glaive
Armour
 c - a +1 helmet (worn)
 g - a +0 plate armour (worn)
 n - a +0 cloak (worn)
 y - a +0 pair of boots (worn)
Jewellery
 p - an uncursed amulet of guardian spirit
 q - a +2 ring of strength (left hand)
 B - a +4 ring of evasion (right hand)
 E - an uncursed ring of protection from cold
 H - an uncursed ring of ice
 K - a +5 amulet of reflection (around neck)
Wands
 b - a wand of paralysis (17/24)
 d - a wand of slowing (25/48)
 D - a wand of teleportation (1/9)
Scrolls
 h - 8 scrolls of remove curse
 o - a scroll of amnesia
 u - 4 scrolls of teleportation
 v - a scroll of blinking
 w - 2 scrolls of immolation
 S - a scroll of enchant weapon
Potions
 i - 5 potions of lignification
 j - 4 potions of brilliance
 m - 3 potions of ambrosia
 r - a potion of invisibility
 F - a potion of cancellation
 G - 2 potions of berserk rage
 J - a potion of mutation
 L - 3 potions of curing
 Q - a potion of cure mutation {unknown}
 W - 2 potions of flight
 X - a potion of haste
Books
 s - a book of the Warp

   Spells                             Type                      Level
   a - Recall                         Summoning/Translocation      3
   b - Gell's Gravitas                Hexes/Translocation          3
   c - Force Lance                    Conjuration/Translocation    4
   d - Warp Weapon                    Charms/Translocation         5
   e - Summon Forest                  Summoning/Translocation      5
 N - a book of Annihilations

   Spells                             Type                      Level
   a - Poison Arrow                   Conjuration/Poison           6
   b - Chain Lightning                Conjuration/Air              8
   c - Lehudib's Crystal Spear        Conjuration/Earth            8
   d - Glaciate                       Conjuration/Ice              9
   e - Fire Storm                     Conjuration/Fire             9
 T - a book of Burglary

   Spells                             Type                      Level
   a - Swiftness                      Charms/Air                   2
   b - Passwall                       Transmutation/Earth          2
   c - Passage of Golubria            Translocation                4
   d - Lee's Rapid Deconstruction     Earth                        5
   e - Darkness                       Hexes                        6
   f - Invisibility                   Hexes                        6
Comestibles
 f - 11 bread rations
 C - 5 meat rations
 M - 2 beef jerkies
 R - a slice of pizza


   Skills:
 + Level 7.8 Fighting
 * Level 14.3 Polearms
 - Level 2.0 Throwing
 + Level 5.3 Armour
 + Level 9.9 Dodging
 - Level 7.1 Stealth
 * Level 3.1 Invocations


You had 10 spell levels left.
You didn't know any spells.

Dungeon Overview and Level Annotations

Branches:
Dungeon (9/15)             Temple (1/1) D:4            Lair (2/8) D:8
    Orc: D:9-12

Altars:
Ashenzari
Cheibriados
Dithmenos
Elyvilon
Fedhas
Gozag
Hepliaklqana
Kikubaaqudgha
Makhleb
Nemelex Xobeh
Okawaru
Pakellas
Qazlal
Ru
Sif Muna
Trog
Ukayaw
Vehumet
Xom
Yredelemnul
Zin
The Shining One

Shops:
D:4 %**   D:6 [   D:8 %

Annotations:
D:4 tstbtto's ghost, amateur HOCK


Message History

The 12-headed hydra misses you. x2; The 12-headed hydra bites you.
The 12-headed hydra completely misses you.
The 12-headed hydra bites you.
* * * LOW HITPOINT WARNING * * *
You slice one of the 12-headed hydra's heads off!
The 11-headed hydra grows two more!
You slice the 13-headed hydra!!
The 13-headed hydra is almost dead.
The 13-headed hydra bites you.
* * * LOW HITPOINT WARNING * * *
The 13-headed hydra bites you but does no damage.
The 13-headed hydra bites you.
* * * LOW HITPOINT WARNING * * *
The 13-headed hydra completely misses you.
The 13-headed hydra bites you.
* * * LOW HITPOINT WARNING * * *
You block the 13-headed hydra's attack. The 13-headed hydra misses you.
The 13-headed hydra closely misses you. x2; The 13-headed hydra bites you!
* * * LOW HITPOINT WARNING * * *
The 13-headed hydra bites you!
You die...

##.................
#P..............P##
#P..............P#
##.#†††##.PP.....#
#P.##.##.#.......#
#P.................
###.................
##.#...D...........
##.....@....#.......
##...............(...
#....................
#.....<.............
#..................
##................
##..............
###..........P. .
#.#....P.##.#P...


You could see a 13-headed hydra.

Vanquished Creatures
  Erica (Lair:2)
  3 spiny frogs
  A black mamba (Lair:1)
  A rime drake (Lair:1)
  A blink frog (Lair:2)
  Sigmund (D:2)
  Eustachio (D:6)
  3 yaks
  A human (D:7)
  Edmund (D:5)
  3 water moccasins
  A porcupine (Lair:1)
  An orc warrior (D:8)
  2 black bears
  An ice beast (D:6)
  A phantom (D:5)
  A sky beast (D:7)
  An ogre (D:6)
  4 wolves (Lair:2)
  3 centaurs
  2 giant frogs
  A scorpion (D:6)
  2 killer bees (D:6)
  A howler monkey (D:8)
  A crimson imp (D:7)
  2 hounds
  2 jellies
  4 orc wizards
  3 iguanas
  4 worker ants
  10 sheep
  A killer bee zombie (D:7)
  A hound skeleton (D:6)
  5 mummies (Ossuary)
  7 gnolls
  6 adders
  25 river rats
  2 shadow imps
  An ooze (D:2)
  An adder zombie (D:5)
  3 worms
  4 dart slugs
  4 giant geckos
  8 orcs
  A ball python (D:5)
  5 bats
  3 giant cockroaches
  12 goblins
  7 hobgoblins
  8 jackals
  4 quokkas
  A giant gecko skeleton (D:4)
  A giant gecko zombie (D:7)
  2 giant newts
  A hobgoblin zombie (Ossuary)
  2 kobolds (D:3)
  An orc zombie (Ossuary)
  8 rats
188 creatures vanquished.

Vanquished Creatures (collateral kills)
  A komodo dragon (Lair:1)
  Prince Ribbit (D:8)
  8 yaks
  A basilisk (Lair:2)
  A hippogriff (Lair:1)
  2 porcupines
  An orc warrior (D:7)
  A black bear (D:5)
  A necrophage (D:6)
  2 ogres (D:8)
  A crocodile (Lair:2)
  2 giant frogs
  A scorpion (D:4)
  A killer bee (D:7)
  A howler monkey (D:8)
  A crimson imp (D:8)
  A centaur zombie (Ossuary)
  An orc priest (D:7)
  Crazy Yiuf (D:7)
  An orc wizard (D:8)
  2 iguanas (Lair:1)
  A worker ant (D:6)
  2 sheep
  A big kobold zombie (Ossuary)
  A gnoll (D:4)
  3 adders
  6 river rats (Lair:1)
  4 orcs
  4 jackals
  A quokka (D:8)
  A goblin zombie (Ossuary)
  A hobgoblin zombie (Ossuary)
  2 orc zombies (Ossuary)
59 creatures vanquished.

Vanquished Creatures (others)
  Joseph (D:7)
  9 battlemagi
  3 fungi
  4 plants (Lair:2)
17 creatures vanquished.

Grand Total: 264 creatures vanquished

Notes
Turn   | Place    | Note
--------------------------------------------------------------
     0 | D:1      | Loading the Merfolk Gladiator began the quest for the Orb.
     0 | D:1      | Reached XP level 1. HP: 16/16 MP: 1/1
   210 | D:1      | Reached skill level 5 in Polearms
   210 | D:1      | Reached XP level 2. HP: 21/22 MP: 2/2
   763 | D:2      | Reached XP level 3. HP: 28/28 MP: 3/3
   779 | D:2      | Reached skill level 1 in Stealth
  1256 | D:2      | Reached XP level 4. HP: 28/34 MP: 4/4
  1362 | D:2      | Noticed Sigmund
  1389 | D:2      | Killed Sigmund
  1389 | D:2      | Reached skill level 6 in Polearms
  1389 | D:2      | Reached skill level 1 in Armour
  1389 | D:2      | Reached skill level 5 in Dodging
  1389 | D:2      | Reached XP level 5. HP: 5/41 MP: 0/5
  1798 | D:2      | Noticed a black bear
  1821 | D:2      | Reached XP level 6. HP: 47/47 MP: 2/6
  2337 | D:3      | Reached skill level 7 in Polearms
  2811 | D:4      | Found Ysmey's Assorted Antiques.
  2816 | D:4      | Bought a scroll labeled FAYDAADGHEH for 30 gold pieces
  2816 | D:4      | Bought a scroll of identify for 60 gold pieces
  2834 | D:4      | Found a staircase to the Ecumenical Temple.
  2840 | Temple   | Entered the Ecumenical Temple
  2938 | Temple   | Became a worshipper of Hepliaklqana
  3271 | D:4      | Found a sand-covered staircase.
  3281 | Ossuary  | Entered an ossuary
  3422 | Ossuary  | Reached XP level 7. HP: 39/52 MP: 2/7
  3884 | D:4      | You fall through a shaft for 2 floors!
  3939 | D:5      | Entered Level 5 of the Dungeon
  4108 | D:4      | Reached * piety under Hepliaklqana
  4125 | D:4      | Found Yfruocw's Food Boutique.
  4175 | D:4      | Found Juahob's General Store.
  4193 | D:4      | Bought a scroll of remove curse for 39 gold pieces
  4193 | D:4      | Bought a scroll of identify for 26 gold pieces
  4337 | D:4      | Noticed tstbtto's ghost (amateur HOCK)
  4467 | D:5      | Noticed Edmund
  4484 | D:5      | Killed Edmund
  4484 | D:5      | Reached skill level 8 in Polearms
  4748 | D:5      | Found an ancient bone altar of Kikubaaqudgha.
  4982 | D:5      | Found a shimmering altar of Xom.
  5294 | D:5      | Reached XP level 8. HP: 56/60 MP: 2/8
  5528 | D:6      | Found a shadowy altar of Dithmenos.
  5554 | D:6      | Reached skill level 9 in Polearms
  5577 | D:6      | Noticed Eustachio
  5589 | D:6      | Killed Eustachio
  5808 | D:6      | Reached ** piety under Hepliaklqana
  5809 | D:6      | Remembered your ancestor Spork as a battlemage
  5824 | D:6      | Reached skill level 5 in Fighting
  6044 | D:6      | Found Yheupp's Antique Armour Shoppe.
  6141 | D:6      | Reached skill level 10 in Polearms
  6600 | D:7      | Reached XP level 9. HP: 62/68 MP: 3/9
  6657 | D:7      | HP: 1/68 [orc warrior/vampiric scimitar (10)]
  6662 | D:7      | Reached skill level 5 in Stealth
  7070 | D:7      | Noticed Joseph
  7124 | D:7      | Killed Joseph
  7184 | D:7      | Noticed Crazy Yiuf
  7188 | D:7      | Killed Crazy Yiuf
  7188 | D:7      | Reached skill level 11 in Polearms
  7756 | D:7      | Found a glowing golden altar of the Shining One.
  7937 | D:8      | Found a deep blue altar of Sif Muna.
  8100 | D:8      | Reached skill level 12 in Polearms
  8296 | D:8      | Reached XP level 10. HP: 77/77 MP: 3/10
  8354 | D:8      | Found a staircase to the Lair.
  8400 | D:8      | Found Abankube's Food Shoppe.
  8502 | D:9      | Noticed Prince Ribbit
  8506 | D:8      | Killed Prince Ribbit
  8589 | Lair:1   | Entered Level 1 of the Lair of Beasts
  8590 | Lair:1   | Reached *** piety under Hepliaklqana
  8742 | Lair:1   | Noticed a spiny frog
  8746 | Lair:1   | Killed a spiny frog
  9106 | Lair:1   | Noticed a spiny frog
  9118 | Lair:1   | Killed a spiny frog
  9305 | Lair:1   | Reached skill level 13 in Polearms
  9760 | Lair:2   | Noticed a spiny frog
  9778 | Lair:2   | Killed a spiny frog
  9790 | Lair:2   | Reached skill level 1 in Invocations
 10635 | D:8      | Reached skill level 5 in Armour
 10771 | Lair:1   | Reached XP level 11. HP: 72/84 MP: 4/12
 10907 | Lair:1   | Reached skill level 14 in Polearms
 11050 | Lair:1   | Reached **** piety under Hepliaklqana
 11374 | Lair:2   | Noticed a four-headed hydra
 11377 | Lair:2   | Noticed Erica
 11391 | Lair:2   | Killed Erica
 11409 | Lair:2   | Slain by a 13-headed hydra

Vault maps used:
D:1:      dpeg_arrival_subterranean_lakeside_camping
D:2:      lightli_corner_chamber, uniq_sigmund
D:3:      minivault_11
D:4:      minmay_temple_entry_hall, serial_shops, shop, kennysheep_mini_moat,
          shop, nicolae_shop_waterfront, lightli_ossuary_entry_decrepit_ruins
D:5:      nicolae_overflow_hidden_temple, overflow_temple_1_default,
          first_bread, uniq_edmund
D:6:      serial_shops, shop, grunt_dithmenos_smoke_and_mirrors, uniq_eustachio
D:7:      nicolae_tso_carved_into_rock, grunt_livestock, patterned_corridor,
          uniq_joseph, uniq_crazy_yiuf_cottage
D:8:      led_sif_pool, lair_0_dummy, serial_shops, kennysheep_little_box
D:9:      minivault_12, uniq_maurice, uniq_prince_ribbit1, uniq_gastronok,
          uniq_grum
Temple:   kilobyte_greek_temple_18
Lair:1:   grunt_megastairs_4
Lair:2:   dpeg_oklob_gauntlet, special_room, uniq_erica
Ossuary:  ossuary_crypta

Skill      XL: |  1  2  3  4  5  6  7  8  9 10 11 |
---------------+----------------------------------+-----
Polearms       | 5 6 7 8 10 12 13 14 | 14.3
Stealth        | 1 2 3 4 6 7 |  7.1
Fighting       | 3 4 5 6 7 |  7.8
Armour         | 1 2 3 4 5 |  5.3
Dodging        | 5 6 7 8 9 |  9.9
Invocations    | 1 3 |  3.1
Throwing       | |  2.0

Action                   |  1- 3 |  4- 6 |  7- 9 | 10-12 || total
-------------------------+-------+-------+-------+-------++-------
Melee: Trident           |    92 |    18 |       |       ||   110
       Scythe            |       |   138 |   312 |   220 ||   670
Invok: Recall Ancestor   |       |     1 |     5 |     2 ||     8
       Ancestor Life: Ba |       |       |     1 |       ||     1
  Use: Scroll            |     6 |     3 |    11 |     5 ||    25
       Potion            |     2 |     1 |     4 |     4 ||    11
 Stab: Sleeping          |     1 |       |       |       ||     1
       Distracted        |       |       |       |     2 ||     2
       Invisible         |       |       |       |     4 ||     4
  Eat: Chunk             |     1 |     1 |    10 |     1 ||    13
       Bread ration      |     1 |     1 |       |       ||     2
       Pizza             |       |       |     1 |     6 ||     7
       Royal jelly       |       |       |     1 |       ||     1
       Beef jerky        |       |       |     1 |       ||     1
Armor: Leather armour    |     7 |       |       |       ||     7
       Chain mail        |    56 |   109 |    92 |       ||   257
       Plate armour      |       |       |    33 |   151 ||   184
Dodge: Dodged            |    47 |    76 |   240 |   275 ||   638
Block: Other             |       |       |    72 |    85 ||   157
       Reflection        |       |       |     5 |       ||     5
